 Dungeon Sprint DCSS version 0.17-a0-1632-g0af21bd (webtiles) character file.

301 maniek23 the Nimble (level 6, -3/49 HPs)
             Began as a Human Gladiator on Aug 3, 2015.
             Was an Initiate of Vehumet.
             Succumbed to Sonja's curare-tipped needle
             ... in the Dungeon (Sprint I: "Red Sonja").
             The game lasted 00:01:36 (371 turns).

maniek23 the Nimble (Human Gladiator)                Turns: 371, Time: 00:01:36

Health: -3/49      AC:  4    Str: 17    XL:     6   Next: 64%
Magic:  6/6        EV: 13    Int:  8    God:    Vehumet [......]
Gold:   162        SH:  7    Dex: 14    Spells: 0 memorised, 5 levels left

rFire  . . .     SeeInvis .     a - +0 long sword
rCold  . . .     Clarity  .     b - +0 leather armour
rNeg   . . .     SustAt   .     o - +0 shield
rPois  .         Gourm    .     c - +0 helmet
rElec  .         Spirit   .     (no cloak)
rCorr  .         Warding  .     (no gloves)
rMut   .         NoTele   +     (no boots)
MR     .....                    (no amulet)
Stlth  ++........               (no ring)
                                (no ring)

@: lethally poisoned (-3 -> -64), slowed, very slow, not resistant to hostile
enchantments, unstealthy
A: no striking features
a: Renounce Religion


You were in the Dungeon.
You worshipped Vehumet.
Vehumet was noncommittal.
You were not hungry.

You visited 1 branch You collected 162 gold pieces.

Inventory:

Hand weapons
 a - a +0 long sword (weapon)
Missiles
 d - a throwing net (quivered)
Armour
 b - a +0 leather armour (worn)
 c - a +0 helmet (worn)
 l - a +0 leather armour
 o - a +0 shield (worn)
Magical devices
 n - a wand of random effects (35)
Scrolls
 k - a scroll of blinking
 m - a scroll of fear {unknown}
Potions
 f - a potion of curing
 g - a potion of heal wounds
 h - a potion of haste
 i - 2 potions of magic
 j - a potion of berserk rage
Comestibles
 e - a bread ration


   Skills:
 + Level 4.7 Fighting
 + Level 7.9 Long Blades
 + Level 4.7 Throwing
 + Level 3.2 Armour
 + Level 8.2 Dodging
 + Level 1.9 Stealth


You had 5 spell levels left.
You didn't know any spells.

Dungeon Overview and Level Annotations

Branches:
Dungeon (1/1)

Altars:
Sif Muna
Vehumet

Annotations:
D Sonja


Message History

You miss Sonja.
You feel very sick. Sonja hits you with a dagger of venom.
You are more poisoned.
You block Sonja's attack. Sonja hits you but does no damage.
You are more poisoned.
Sonja gestures wildly while chanting.
Sonja blinks!
You feel very sick.
Sonja unwields an uncursed dagger of venom.
It stops dripping with poison.
Sonja wields a blowgun.
Sonja shoots a curare-tipped needle.
The curare-tipped needle hits you.
You are more poisoned.
You have difficulty breathing.
* * * LOW HITPOINT WARNING * * *
You feel yourself slow down.
* * * LOW HITPOINT WARNING * * *
You feel extremely sick.
Sonja shoots a curare-tipped needle.
You block the curare-tipped needle.
You die...

################
#<.#..)..#.)'..#
#..'..#..'..#..+
#..#####'#####'#
#..# #..# #@#
#..# #### ##.#
#..# #+#..+ #⌠⌠#
+.K._# ####
#_.#+# ##'# #.#
$.$ #$($#


You could see Sonja.

Vanquished Creatures
  Sigmund (D)
  An ogre (D)
  A jelly (D)
  Ijyb (D)
4 creatures vanquished.

Notes
Turn   | Place    | Note
--------------------------------------------------------------
     0 | D        | maniek23 the Human Gladiator began the quest for the Orb.
     0 | D        | Reached XP level 1. HP: 16/16 MP: 1/1
     1 | D        | Noticed Ijyb
    14 | D        | Killed Ijyb
    14 | D        | Reached skill level 4 in Long Blades
    14 | D        | Reached XP level 2. HP: 13/23 MP: 2/2
    14 | D        | Reached XP level 3. HP: 15/28 MP: 3/3
   156 | D        | Noticed an ogre
   163 | D        | Killed an ogre
   163 | D        | Reached skill level 6 in Long Blades
   163 | D        | Reached skill level 1 in Armour
   163 | D        | Reached skill level 1 in Stealth
   163 | D        | Reached XP level 4. HP: 34/37 MP: 4/4
   163 | D        | Reached XP level 5. HP: 38/42 MP: 5/5
   169 | D        | Noticed Sigmund
   182 | D        | Killed Sigmund
   182 | D        | Reached skill level 7 in Long Blades
   182 | D        | Reached skill level 8 in Dodging
   182 | D        | Reached XP level 6. HP: 26/49 MP: 6/6
   334 | D        | Found a deep blue altar of Sif Muna.
   335 | D        | Noticed a jelly
   336 | D        | Found a radiant altar of Vehumet.
   342 | D        | Killed a jelly
   358 | D        | Became a worshipper of Vehumet
   359 | D        | Noticed Sonja
   371 | D        | Succumbed to Sonja's curare-tipped needle

Vault maps used:
D:        dungeon_sprint_1

Action                   |  1- 3 |  4- 6 || total
-------------------------+-------+-------++-------
Melee: Long sword        |    17 |    19 ||    36
Throw: Throwing net      |     2 |     3 ||     5
 Stab: Held in net/web   |     1 |       ||     1
